[Event "Titled Tuesday Blitz May 03 Late 2022"]
[White "Jegorovas, Aleksandras"]
[Black "Remizov, Yaroslav"]
[WhiteFideId "12801950"]
[BlackFideId "34134015"]
[WhiteElo "2247"]
[BlackElo "2386"]
[Result "0-1"]
[Round "06"]
[TimeControl "180+1"]
[Date "2022.05.03"]
[WhiteClock "0:00:34"]
[BlackClock "0:01:04"]

1. Nf3 Nf6 2. c4 b6 3. Nc3 Bb7 4. d4 g6 5. Bg5 Bg7 6. Qd2 Nc6 7. d5 Nb8 8. e4 d6 9. h3 h6 10. Be3 Na6 11. Bd3 Nc5 12. Bc2 a5 13. O-O g5 14. Nd4 e6 15. f4 g4 16. e5 Nfd7 17. dxe6 Nxe6 18. Nxe6 fxe6 19. Bg6+ Ke7 20. hxg4 dxe5 21. f5 Nf6 22. Qe2 Qd6 23. Rad1 Qc6 24. fxe6 Qxe6 25. Nd5+ Nxd5 26. Rf7+ Qxf7 27. Bxf7 Nxe3 28. Qxe3 Rad8 29. Bd5 Bxd5 30. Rxd5 Rxd5 31. cxd5 Rd8 32. Qe4 Bf6 33. Qh7+ Kf8 34. Qxh6+ Bg7 35. Qe6 Re8 36. Qf5+ Kg8 37. Qd7 Kf8 38. Qxc7 e4 39. Qf4+ Kg8 40. Kf1 Rf8 41. Qxf8+ Kxf8 42. b3 Ke7 43. Ke2 Kd6 0-1


[Site "https://www.chess.com"]

[Event "Titled Tuesday Blitz May 03 Late 2022"]
[White "Jones, Gawain C B"]
[Black "Sarana, Alexey"]
[WhiteFideId "409561"]
[BlackFideId "24133795"]
[WhiteElo "2657"]
[BlackElo "2666"]
[Result "1-0"]
[Round "06"]
[TimeControl "180+1"]
[Date "2022.05.03"]
[WhiteClock "0:00:28"]
[BlackClock "0:00:08"]

1. Nf3 d5 2. g3 Nf6 3. Bg2 g6 4. b3 Bg7 5. Bb2 O-O 6. O-O a5 7. c4 c6 8. d3 b5 9. cxb5 cxb5 10. Nc3 Qb6 11. a4 b4 12. Nb5 Bd7 13. Nbd4 Rc8 14. Qd2 Na6 15. Qe3 Re8 16. Ne5 Rad8 17. Rac1 Ng4 18. Nxd7 Rxd7 19. Qf4 h5 20. h3 Bh6 21. Rc6 Qb7 22. hxg4 Bxf4 23. gxf4 hxg4 24. Rfc1 e6 25. Nb5 Nb8 26. R6c5 Qb6 27. Bf6 g3 28. e3 e5 29. fxe5 Qe6 30. fxg3 Qg4 31. Kf2 d4 32. e4 Na6 33. Rh1 Qh5 34. Rxh5 gxh5 35. Rc6 Nb8 36. Rc1 Kh7 37. Bh3 Rb7 38. Bf5+ Kh6 39. Nd6 Rg8 40. Nxb7 1-0


[Site "https://www.chess.com"]

[Event "Titled Tuesday Blitz May 03 Late 2022"]
[White "Kamsky, Gata"]
[Black "Bortnyk, Olexandr"]
[WhiteFideId "2000024"]
[BlackFideId "14120828"]
[WhiteElo "2645"]
[BlackElo "2723"]
[Result "0-1"]
[Round "06"]
[TimeControl "180+1"]
[Date "2022.05.03"]
[WhiteClock "0:00:02"]
[BlackClock "0:00:04"]

1. d4 d6 2. e4 Nf6 3. Nc3 Nbd7 4. Nf3 e5 5. Bc4 Be7 6. O-O c6 7. a4 h6 8. a5 Qc7 9. Re1 g5 10. Be3 Nf8 11. dxe5 dxe5 12. Nxe5 Qxe5 13. Bd4 Qf4 14. e5 Ng4 15. g3 Nxf2 16. gxf4 Nxd1 17. e6 Bxe6 18. Bxe6 Rg8 19. Bb3 gxf4+ 20. Kf1 Nxc3 21. bxc3 Rg6 22. Re4 Ne6 23. Rae1 b6 24. axb6 axb6 25. Bxe6 fxe6 26. Rxe6 Rxe6 27. Rxe6 c5 28. Bf6 Kf7 29. Rxe7+ Kxf6 30. Rb7 Ra3 31. Rxb6+ Ke5 32. Rxh6 Rxc3 33. Rh8 Rxc2 34. h4 Ke4 35. h5 Kf3 36. Kg1 Rg2+ 37. Kh1 Rg5 38. Kh2 c4 39. Kh3 c3 40. Kh4 Rc5 0-1


[Site "https://www.chess.com"]

[Event "Titled Tuesday Blitz May 03 Late 2022"]
[White "Keller, Peter"]
[Black "Bas Mas, Jose Joaquin"]
[WhiteFideId "1272105"]
[BlackFideId "22219064"]
[WhiteElo "2275"]
[BlackElo "2212"]
[Result "0-1"]
[Round "06"]
[TimeControl "180+1"]
[Date "2022.05.03"]
[WhiteClock "0:00:22"]
[BlackClock "0:00:55"]

1. e4 c5 2. c3 d5 3. exd5 Qxd5 4. d4 e6 5. Nf3 Nf6 6. Na3 Nc6 7. Be3 a6 8. dxc5 Bd7 9. Nc4 Qxd1+ 10. Rxd1 Be7 11. Nd6+ Bxd6 12. cxd6 O-O 13. Be2 Nd5 14. c4 Nxe3 15. fxe3 b6 16. a3 a5 17. Kf2 f6 18. Rb1 e5 19. b4 axb4 20. axb4 Ra2 21. c5 bxc5 22. bxc5 e4 23. Nd4 Ne5 24. h3 f5 25. Kg3 Kh8 26. Rbg1 f4+ 27. exf4 Ra3+ 28. Kh2 Rxf4 29. Rf1 g5 30. Rxf4 gxf4 31. Rf1 Ra4 32. Nb5 f3 33. gxf3 Ra2 34. Nd4 exf3 35. Nxf3 Rxe2+ 36. Kg3 Re3 37. Kf4 Rxf3+ 38. Rxf3 Nxf3 39. Kxf3 Kg7 40. Ke4 Bc6+ 41. Ke5 Kf7 42. h4 h5 43. Kf5 Ke8 44. Ke6 Kd8 45. Kf6 Kd7 46. Kg5 Bf3 47. Kf6 Bg4 48. Ke5 Kc6 49. Kd4 Bh3 50. Kc4 Be6+ 51. Kd4 Bf7 52. Ke5 Bb3 53. Kf6 Bd1 54. Ke7 Bg4 55. Kd8 Kxc5 56. Ke7 Kc6 57. d7 Bxd7 58. Kf6 Bg4 59. Kg5 Kd5 60. Kf4 Kd4 61. Kg3 Ke5 62. Kh2 Kf4 63. Kg2 Bf3+ 64. Kh2 Kg4 65. Kg1 Kxh4 66. Kh2 Kg4 67. Kg1 Be4 68. Kh2 h4 69. Kg1 h3 70. Kh2 Kh4 71. Kg1 Kg3 72. Kf1 h2 73. Ke2 h1=Q 74. Ke3 Qf3+ 0-1


[Site "https://www.chess.com"]

[Event "Titled Tuesday Blitz May 03 Late 2022"]
[White "Khanin, Semen"]
[Black "Zhigalko, Sergei"]
[WhiteFideId "4111990"]
[BlackFideId "13502956"]
[WhiteElo "2442"]
[BlackElo "2662"]
[Result "0-1"]
[Round "06"]
[TimeControl "180+1"]
[Date "2022.05.03"]
[WhiteClock "0:00:04"]
[BlackClock "0:00:04"]

1. e4 c5 2. Nf3 Nc6 3. Bb5 Nf6 4. e5 Nd5 5. O-O Nc7 6. Bc4 b5 7. Be2 Bb7 8. a4 b4 9. c3 d6 10. exd6 Qxd6 11. d4 e6 12. Nbd2 cxd4 13. Nc4 Qd5 14. cxd4 Be7 15. Bf4 Qd8 16. Ne3 O-O 17. Rc1 Rc8 18. Bxc7 Rxc7 19. d5 exd5 20. Nxd5 Rd7 21. Nxe7+ Qxe7 22. Qc2 b3 23. Qc4 Ne5 24. Nxe5 Qxe5 25. Bg4 Rd4 26. Qxb3 Bxg2 27. Kxg2 Rxg4+ 28. Kh1 Qe4+ 29. f3 Qxa4 30. Qe3 Rg6 31. Ra1 Qb5 32. Rf2 a6 33. Re1 h6 34. Rg1 Kh7 35. Rxg6 fxg6 36. Qe4 Rf5 37. h3 Qb8 38. Rg2 Qf8 39. Kh2 Qf6 40. b4 Rf4 41. Qe3 Rxf3 42. Qe4 Rf4 43. Qe1 Rf3 44. Qd2 Rf5 45. Re2 Rf3 46. Kg2 Qf4 47. Qd5 Rg3+ 48. Kh1 Rxh3+ 49. Kg2 Rg3+ 50. Kh1 Qf1+ 51. Kh2 Rh3# 0-1


[Site "https://www.chess.com"]

[Event "Titled Tuesday Blitz May 03 Late 2022"]
[White "Kholin, Aleksandr"]
[Black "Rosen, Eric"]
[WhiteFideId "14179385"]
[BlackFideId "2032562"]
[WhiteElo "2475"]
[BlackElo "2362"]
[Result "1/2-1/2"]
[Round "06"]
[TimeControl "180+1"]
[Date "2022.05.03"]
[WhiteClock "0:00:38"]
[BlackClock "0:00:03"]

1. d4 d5 2. c4 e6 3. Nc3 Nf6 4. cxd5 exd5 5. Bg5 c6 6. e3 Bf5 7. Qf3 Bg6 8. Bxf6 Qxf6 9. Qxf6 gxf6 10. Nge2 Nd7 11. Ng3 Nb6 12. Kd2 a5 13. Bd3 a4 14. h4 h5 15. Nf5 Nc4+ 16. Kc2 Nd6 17. Nxd6+ Bxd6 18. g3 Kd7 19. a3 b5 20. Na2 c5 21. dxc5 Rhc8 22. Rac1 Rxc5+ 23. Kd2 Rac8 24. Rxc5 Rxc5 25. Nc3 Kc6 26. Ne2 Kb6 27. Nd4 Be5 28. g4 hxg4 29. h5 Bxd3 30. Kxd3 Rc8 31. h6 Rh8 32. h7 Bxd4 33. Kxd4 Kc6 34. Rh6 Kd7 35. Kxd5 Ke7 36. Kc5 Kf8 37. Kxb5 Kg7 38. Rh4 f5 39. e4 Rb8+ 40. Kxa4 Kh8 41. b4 fxe4 42. Rxg4 f5 43. Rg8+ Rxg8 44. hxg8=Q+ Kxg8 45. b5 f4 46. Kb3 e3 47. b6 exf2 48. b7 f1=Q 49. b8=Q+ Kg7 50. Qc7+ Kf6 51. Qd6+ Kg5 52. Qe5+ Kg4 53. Qg7+ Kf3 54. Qc3+ Kg2 55. Qd2+ Kg3 56. Qc3+ f3 57. Qg7+ Kf2 58. Qd4+ Kg2 59. Qg4+ Kf2 60. Qd4+ Kg3 61. Qg7+ Kh2 62. Qh6+ Qh3 63. Qf4+ Kg2 64. Qe4 Kh2 65. Qf4+ Qg3 66. Qh6+ Kg2 67. Qc6 Kg1 68. Qc1+ Kh2 69. Qh6+ Qh3 70. Qf4+ 1/2-1/2


[Site "https://www.chess.com"]

[Event "Titled Tuesday Blitz May 03 Late 2022"]
[White "Kohler, Aran"]
[Black "Toncheva, Nadya"]
[WhiteFideId "1002856"]
[BlackFideId "2924056"]
[WhiteElo "2331"]
[BlackElo "1884"]
[Result "1-0"]
[Round "06"]
[TimeControl "180+1"]
[Date "2022.05.03"]
[WhiteClock "0:00:34"]
[BlackClock "0:00:04"]

1. e4 d5 2. Nc3 dxe4 3. Nxe4 Nf6 4. Nxf6+ exf6 5. d4 Bd6 6. Be2 O-O 7. Nf3 b6 8. O-O Bb7 9. c4 Re8 10. Be3 Nd7 11. Rc1 c5 12. d5 Nf8 13. Bd3 Ng6 14. Bxg6 hxg6 15. Qd2 g5 16. h3 Qd7 17. Nh2 Re7 18. Rfe1 Rae8 19. Nf1 g4 20. hxg4 Qxg4 21. f3 Qh5 22. Bf2 g6 23. Rxe7 Rxe7 24. Re1 Kf8 25. Rxe7 Kxe7 26. Bg3 Bxg3 27. Nxg3 Qe5 28. Ne4 Bc8 29. d6+ Kd7 30. Qc2 f5 31. Qa4+ Kd8 32. Qxa7 Qd4+ 33. Nf2 Qxd6 34. Qxf7 Qe6 35. Qxe6 Bxe6 36. b3 Kc7 37. Nd3 Kd6 38. g3 g5 39. Kf2 Bd7 40. Ke3 b5 41. f4 gxf4+ 42. Kxf4 bxc4 43. bxc4 Be6 44. Ne5 Kc7 45. a3 Kd6 46. a4 Kc7 47. a5 Kb7 48. Nd3 Bxc4 49. Nxc5+ Kc6 50. Na4 Kb5 51. Nc3+ 1-0


[Site "https://www.chess.com"]

[Event "Titled Tuesday Blitz May 03 Late 2022"]
[White "Kozin, Yuri"]
[Black "Sliwicki, Damian"]
[WhiteFideId "4129920"]
[BlackFideId "1127128"]
[WhiteElo "2550"]
[BlackElo "2084"]
[Result "0-1"]
[Round "06"]
[TimeControl "180+1"]
[Date "2022.05.03"]
[WhiteClock "0:01:40"]
[BlackClock "0:00:58"]

1. e4 c5 2. Nf3 g6 3. d4 cxd4 4. Nxd4 Nc6 5. Nc3 Bg7 6. Be3 Nf6 7. Bc4 O-O 8. Bb3 Ng4 9. Qxg4 Nxd4 10. Bxd4 Bxd4 11. Qg3 d6 12. O-O-O Bg7 13. h4 Qa5 14. h5 g5 15. Nd5 h6 16. Nxe7+ Kh8 17. Qxd6 Bg4 18. f3 Rad8 19. Qg3 Bc8 20. Rxd8 Rxd8 21. Nxc8 Qd2+ 0-1


[Site "https://www.chess.com"]

[Event "Titled Tuesday Blitz May 03 Late 2022"]
[White "Kruckenhauser, Arthur"]
[Black "Remolar Gallen, Jose"]
[WhiteFideId "1642812"]
[BlackFideId "2215187"]
[WhiteElo "2243"]
[BlackElo "2205"]
[Result "1-0"]
[Round "06"]
[TimeControl "180+1"]
[Date "2022.05.03"]
[WhiteClock "0:00:55"]
[BlackClock "0:00:11"]

1. e4 c5 2. Nf3 d6 3. Bb5+ Nd7 4. Ba4 Nf6 5. O-O b6 6. c4 Bb7 7. d3 e6 8. Nc3 Be7 9. Ne1 O-O 10. f4 Qc7 11. Nf3 a6 12. h3 Rad8 13. Qe2 Bc6 14. Bxc6 Qxc6 15. Be3 b5 16. b3 Nb6 17. Bf2 b4 18. Nd1 Rfe8 19. g4 d5 20. cxd5 exd5 21. e5 Bf8 22. Qd2 Nfd7 23. Rc1 d4 24. Bh4 Rc8 25. Nb2 Qd5 26. Qf2 f6 27. exf6 Nxf6 28. Bxf6 gxf6 29. Rfe1 Bd6 30. Nd2 Kf7 31. Ne4 Bb8 32. Qh4 Re6 33. Qxh7+ Ke8 34. Nxf6+ 1-0


[Site "https://www.chess.com"]

[Event "Titled Tuesday Blitz May 03 Late 2022"]
[White "Kujawski, Adam"]
[Black "Mohammadian, Mohammad"]
[WhiteFideId "1100920"]
[BlackFideId "12566055"]
[WhiteElo "2053"]
[BlackElo "1544"]
[Result "1-0"]
[Round "06"]
[TimeControl "180+1"]
[Date "2022.05.03"]
[WhiteClock "0:01:17"]
[BlackClock "0:00:21"]

1. e4 e5 2. f4 exf4 3. Nf3 g5 4. h4 g4 5. Ne5 h5 6. Bc4 Nh6 7. d4 d6 8. Nd3 Qf6 9. Nxf4 Nc6 10. Nd5 Qd8 11. Bg5 Be7 12. Nxe7 Nxe7 13. O-O Be6 14. d5 Bd7 15. Nc3 a6 16. Qd2 Nhg8 17. e5 dxe5 18. d6 f6 19. dxe7 Qxe7 20. Bxg8 Rxg8 21. Nd5 Qc5+ 22. Be3 1-0


[Site "https://www.chess.com"]

[Event "Titled Tuesday Blitz May 03 Late 2022"]
[White "Lashkin, Jegor"]
[Black "Martinez Reyes, Pedro Ramon"]
[WhiteFideId "13907808"]
[BlackFideId "3901807"]
[WhiteElo "2368"]
[BlackElo "2410"]
[Result "1-0"]
[Round "06"]
[TimeControl "180+1"]
[Date "2022.05.03"]
[WhiteClock "0:01:37"]
[BlackClock "0:00:56"]

1. Nf3 d5 2. b3 Nf6 3. Bb2 e6 4. g3 Be7 5. Bg2 O-O 6. O-O c5 7. d4 cxd4 8. Nxd4 Nc6 9. c4 dxc4 10. Bxc6 bxc6 11. Nxc6 Qe8 12. Nxe7+ Qxe7 13. Ba3 Qb7 14. Bxf8 Kxf8 15. Qd6+ Ke8 16. Nd2 c3 17. Nc4 Qd5 18. Qb4 a5 19. Qb5+ Qxb5 20. Nd6+ Ke7 21. Nxb5 Nd5 22. Rfc1 Ba6 23. Nxc3 Nb6 24. Rc2 f5 25. Rac1 Kf6 26. f4 g5 27. e3 gxf4 28. exf4 h5 29. Rd2 Ke7 30. Ne2 Nd5 31. Nd4 Kf7 32. Nxf5 Kf6 33. Nd4 h4 34. Re1 Bc8 35. Rde2 Nc7 36. g4 a4 37. g5+ Kg6 38. b4 a3 39. Nc6 Kf5 40. Ne7+ Kxf4 41. Nxc8 Rxc8 42. Rc2 h3 43. Rec1 Rg8 44. Rxc7 Rxg5+ 45. Kf1 e5 46. R7c2 e4 47. Rf2+ Ke3 48. Re1+ Kd3 49. Rd1+ Ke3 50. Rb1 Rd5 51. Rb3+ Rd3 52. Rxd3+ exd3 53. Ke1 d2+ 54. Rxd2 1-0


[Site "https://www.chess.com"]

[Event "Titled Tuesday Blitz May 03 Late 2022"]
[White "Lehtosaari, Mauri"]
[Black "Miszler, Levente"]
[WhiteFideId "501999"]
[BlackFideId "763276"]
[WhiteElo "2508"]
[BlackElo "1966"]
[Result "1-0"]
[Round "06"]
[TimeControl "180+1"]
[Date "2022.05.03"]
[WhiteClock "0:01:00"]
[BlackClock "0:01:17"]

1. d4 d5 2. Nf3 Nf6 3. Bg5 Ne4 4. Bf4 c5 5. e3 Nc6 6. c3 e6 7. Nbd2 f5 8. Ne5 Nxe5 9. Bxe5 Nf6 10. Bb5+ Bd7 11. Bxf6 Qxf6 12. Bxd7+ Kxd7 13. Qa4+ Kc7 14. O-O Bd6 15. dxc5 Bxc5 16. c4 d4 17. Nb3 b6 18. exd4 Bxd4 19. Nxd4 Qxd4 20. Rad1 Qc5 21. Rd7+ Kc8 22. Rfd1 a5 23. Rxg7 Rb8 24. Qd7# 1-0


[Site "https://www.chess.com"]

[Event "Titled Tuesday Blitz May 03 Late 2022"]
[White "Leiva, Gianmarco"]
[Black "Romanchuk, Viktor"]
[WhiteFideId "3804399"]
[BlackFideId "14109271"]
[WhiteElo "2323"]
[BlackElo "2242"]
[Result "1-0"]
[Round "06"]
[TimeControl "180+1"]
[Date "2022.05.03"]
[WhiteClock "0:00:02"]
[BlackClock "0:00:01"]

1. Nf3 d5 2. g3 c6 3. Bg2 Bg4 4. O-O Nd7 5. d3 e6 6. h3 Bh5 7. e4 Bc5 8. Qe1 Ne7 9. Nbd2 O-O 10. a4 a5 11. Nb3 Bb6 12. Bd2 Qc7 13. Bf4 e5 14. Bd2 f6 15. Kh2 Nc5 16. Nxa5 Bxa5 17. Bxa5 Rxa5 18. b4 Rxa4 19. bxc5 Rfa8 20. Rxa4 Rxa4 21. Nd2 Bf7 22. Qb1 Ra5 23. exd5 Bxd5 24. Nb3 Ra8 25. Qb2 b6 26. Bxd5+ cxd5 27. Ra1 Rxa1 28. Qxa1 bxc5 29. Qa8+ Qc8 30. Qa7 Kf7 31. Nxc5 Qc6 32. h4 h5 33. Kg1 e4 34. dxe4 dxe4 35. Qa2+ Qd5 36. Qxd5+ Nxd5 37. Nxe4 Ke6 38. Nd2 Ke5 39. Kf1 Kd4 40. Ke2 Kc3 41. Kd1 Nb4 42. Ne4+ Kc4 43. Kd2 Nd5 44. Nd6+ Kc5 45. Nf5 g5 46. Ng7 gxh4 47. gxh4 Nf4 48. Nf5 Kd5 49. Ke3 1-0


[Site "https://www.chess.com"]

[Event "Titled Tuesday Blitz May 03 Late 2022"]
[White "Licznerski, Lukasz"]
[Black "Skliarov, Viktor"]
[WhiteFideId "1179250"]
[BlackFideId "14106736"]
[WhiteElo "2422"]
[BlackElo "2229"]
[Result "1-0"]
[Round "06"]
[TimeControl "180+1"]
[Date "2022.05.03"]
[WhiteClock "0:00:33"]
[BlackClock "0:00:03"]

1. e4 c5 2. Nf3 Nc6 3. d4 cxd4 4. Nxd4 Nf6 5. Nc3 e5 6. Ndb5 d6 7. Bg5 a6 8. Na3 b5 9. Nd5 Be7 10. Bxf6 Bxf6 11. c3 Bg5 12. Nc2 O-O 13. a4 bxa4 14. Rxa4 a5 15. Bc4 Rb8 16. b3 Kh8 17. O-O f5 18. exf5 Bxf5 19. Nce3 Bg6 20. Be2 Ne7 21. Nc4 Nxd5 22. Qxd5 Bf7 23. Qxd6 Bxc4 24. Qxd8 Rfxd8 25. Bxc4 Bd2 26. Rxa5 Bxc3 27. Ra2 Bd4 28. h4 g6 29. g3 Kg7 30. Kg2 Rf8 31. Rd2 Rf6 32. Re1 Rbf8 33. f4 Bc3 34. Rd7+ Kh6 35. Re3 Bd4 36. Re4 Bc3 37. fxe5 Rf2+ 38. Kh3 Rb2 39. e6 Bb4 40. e7 Re8 41. Bf7 Rxe7 42. Rdxe7 Bxe7 43. Rxe7 Kg7 44. Bc4+ Kh6 45. Bg8 g5 46. Rxh7+ Kg6 47. h5+ Kf6 48. Rf7+ Ke5 49. h6 1-0


[Site "https://www.chess.com"]

[Event "Titled Tuesday Blitz May 03 Late 2022"]
[White "Martinez Alcantara, Jose Eduardo"]
[Black "Fedoseev, Vladimir"]
[WhiteFideId "3805662"]
[BlackFideId "24130737"]
[WhiteElo "2690"]
[BlackElo "2726"]
[Result "1-0"]
[Round "06"]
[TimeControl "180+1"]
[Date "2022.05.03"]
[WhiteClock "0:00:29"]
[BlackClock "0:00:01"]

1. e4 c6 2. d4 d5 3. e5 Bf5 4. g4 Bd7 5. Nc3 e6 6. Be3 c5 7. Nge2 Qb6 8. Qd2 Nc6 9. Na4 Qc7 10. Nxc5 Nxe5 11. dxe5 Bxc5 12. O-O-O b6 13. f4 h5 14. gxh5 Ne7 15. Nd4 Rxh5 16. Kb1 Rc8 17. Ba6 Rd8 18. Be2 Rh3 19. Bg4 Rh4 20. h3 Rc8 21. Rhg1 g5 22. fxg5 Qxe5 23. Qf2 Ng6 24. Rge1 Qc7 25. Nf5 Rh7 26. Nh6 Bxe3 27. Rxe3 Qf4 28. Rf3 Qxg5 29. Nxf7 Qe7 30. Rf1 Rc4 31. Ne5 Rxg4 32. hxg4 Qg7 33. Nxg6 Qxg6 34. Qg3 Ke7 35. Rf8 Qg5 36. Qa3# 1-0


[Site "https://www.chess.com"]

[Event "Titled Tuesday Blitz May 03 Late 2022"]
[White "Meduri, Aakaash"]
[Black "Mirzoev, Azer"]
[WhiteFideId "2032252"]
[BlackFideId "13400304"]
[WhiteElo "2096"]
[BlackElo "2525"]
[Result "0-1"]
[Round "06"]
[TimeControl "180+1"]
[Date "2022.05.03"]
[WhiteClock "0:00:02"]
[BlackClock "0:00:07"]

1. d4 d5 2. Bg5 Nc6 3. e3 h6 4. Bh4 Nf6 5. Nc3 e6 6. a3 Be7 7. f4 O-O 8. Nf3 Ne4 9. Bxe7 Qxe7 10. Nxe4 dxe4 11. Nd2 f5 12. c4 Nd8 13. b4 a5 14. c5 Bd7 15. Bc4 Bc6 16. O-O Bd5 17. Qe2 c6 18. g4 Qh4 19. gxf5 exf5 20. Bxd5+ cxd5 21. b5 Ne6 22. Rac1 Rf6 23. Kh1 Rc8 24. a4 g5 25. fxg5 hxg5 26. Nb3 f4 27. Nxa5 f3 28. Qf2 Qh7 29. Qg3 Rh6 30. Rf2 Rf8 31. c6 b6 32. Nb7 Qe7 33. Rg1 Qa3 34. c7 Qxe3 35. Nd6 Nxc7 36. Qxg5+ Qxg5 37. Rxg5+ Kh7 38. Re5 Rg6 39. Re7+ Rg7 40. Re5 Rg6 41. Nxe4 dxe4 42. Rxe4 Nd5 43. Re5 Nc3 44. h4 Nxa4 45. h5 Rd6 46. Kh2 Rxd4 47. Kg3 Nc5 48. Re7+ Kh6 49. Rc7 Ne4+ 50. Kh2 Nxf2 51. Rc6+ Kxh5 52. Rc1 Ng4+ 53. Kg3 f2 54. Rh1+ Kg5 55. Kg2 Rd3 56. Rf1 Ne3+ 57. Kh1 Nxf1 58. Kg2 Ne3+ 59. Kh2 f1=Q 60. Kg3 Rf3+ 61. Kh2 Rh3# 0-1


[Site "https://www.chess.com"]

[Event "Titled Tuesday Blitz May 03 Late 2022"]
[White "Mekhane, Adam"]
[Black "Hnydiuk, Aleksander"]
[WhiteFideId "36050601"]
[BlackFideId "1109057"]
[WhiteElo "2002"]
[BlackElo "2374"]
[Result "0-1"]
[Round "06"]
[TimeControl "180+1"]
[Date "2022.05.03"]
[WhiteClock "0:00:01"]
[BlackClock "0:00:15"]

1. e4 c5 2. Nf3 e6 3. d4 cxd4 4. Nxd4 Nc6 5. Nc3 a6 6. f4 Qc7 7. Nxc6 bxc6 8. Be3 d5 9. Be2 Rb8 10. b3 Bb4 11. Qd3 Nf6 12. O-O Qa5 13. Bd4 O-O 14. Qg3 Bc5 15. Bxc5 Qxc5+ 16. Kh1 d4 17. e5 Qxc3 18. Qxc3 dxc3 19. exf6 gxf6 20. Rad1 a5 21. a4 Rb4 22. Rd6 Bb7 23. Rf3 Re4 24. Bd3 Re1+ 25. Rf1 Re3 26. Kg1 c5 27. Kf2 Rxd3 28. Rxd3 Ba6 29. Rxc3 Bxf1 30. Kxf1 Rc8 31. Ke2 Kf8 32. Ke3 Ke7 33. Kd3 Kd6 34. Kc4 Rb8 35. Rd3+ Kc6 36. Rh3 Rb4+ 37. Kc3 Rxf4 38. Rxh7 Rf2 39. Rxf7 f5 40. g4 f4 41. g5 Kd5 42. g6 e5 43. g7 Rg2 44. h4 f3 45. h5 Ke6 46. Rxf3 Rxg7 47. Kc4 Rc7 0-1


[Site "https://www.chess.com"]

[Event "Titled Tuesday Blitz May 03 Late 2022"]
[White "Melaugh, Shane"]
[Black "Ezat, Mohamed"]
[WhiteFideId "2509580"]
[BlackFideId "10600906"]
[WhiteElo "1972"]
[BlackElo "2386"]
[Result "0-1"]
[Round "06"]
[TimeControl "180+1"]
[Date "2022.05.03"]
[WhiteClock "0:00:09"]
[BlackClock "0:01:32"]

1. e4 c6 2. d4 d5 3. exd5 cxd5 4. Bf4 Nf6 5. Nc3 a6 6. Nf3 Nc6 7. Be2 Bg4 8. O-O e6 9. Ne5 Bxe2 10. Nxe2 Bd6 11. Nxc6 bxc6 12. c3 O-O 13. Qc1 c5 14. dxc5 Bxc5 15. Bg5 Be7 16. Nd4 Qd7 17. Qf4 h6 18. Bxf6 Bxf6 19. Nb3 a5 20. Rad1 a4 21. Nc5 Qb5 22. Qb4 Qxb4 23. cxb4 Bxb2 24. Rb1 Bd4 25. Rfd1 Bxc5 26. bxc5 Rfb8 27. Kf1 Rxb1 28. Rxb1 Rc8 29. Rb5 Kf8 30. Ke2 Ke7 31. Kd3 e5 32. c6 Kd6 33. Ra5 Rxc6 34. Rxa4 f5 35. Ra7 e4+ 36. Kd2 g5 37. a4 Rb6 38. Kc2 d4 39. a5 d3+ 40. Kc3 Rc6+ 41. Kd2 Rc2+ 42. Ke1 f4 43. Ra8 Ra2 44. a6 d2+ 45. Ke2 e3 46. fxe3 fxe3 47. Rh8 Kc5 48. Rxh6 Ra1 49. Kxe3 d1=Q 50. a7 Qd4+ 51. Kf3 Ra3+ 52. Ke2 Qb2+ 53. Kf1 Ra1# 0-1


[Site "https://www.chess.com"]

[Event "Titled Tuesday Blitz May 03 Late 2022"]
[White "Melikyan, Gnel"]
[Black "Moskalenko, Alexander"]
[WhiteFideId "54109990"]
[BlackFideId "4155351"]
[WhiteElo "1772"]
[BlackElo "2434"]
[Result "1/2-1/2"]
[Round "06"]
[TimeControl "180+1"]
[Date "2022.05.03"]
[WhiteClock "0:00:07"]
[BlackClock "0:00:39"]

1. e4 e6 2. d4 d5 3. e5 c5 4. c3 Nc6 5. Nf3 Qb6 6. a3 c4 7. Nbd2 Na5 8. g3 Bd7 9. h4 Ne7 10. Bg2 Nc8 11. O-O Qc7 12. Re1 Nb6 13. Rb1 Ba4 14. Qe2 Bc2 15. Ra1 h6 16. Nh2 Bd3 17. Qd1 Be7 18. Bf1 Bxf1 19. Ndxf1 Qc6 20. Qg4 g6 21. h5 g5 22. Rb1 Qa4 23. Qe2 O-O-O 24. Ng4 Rdg8 25. Nfe3 Nb3 26. Qf3 Rh7 27. Nf6 Bxf6 28. exf6 Nd7 29. Ng4 Nxc1 30. Rexc1 Qb3 31. Kh2 b6 32. Re1 Kb7 33. Re2 a5 34. Rbe1 Ka6 35. Ne3 Qb5 36. Ng4 Qc6 37. Kg2 Qd6 38. Qe3 Rhh8 39. Qc1 Rc8 40. Qc2 b5 41. Rb1 a4 42. Qd2 Rcg8 43. Qe3 Kb7 44. Qf3 Nb8 45. Ne5 Rf8 46. Ng6 fxg6 47. hxg6 Rhg8 48. g7 Rf7 49. Rbe1 e5 50. Rxe5 Rxf6 1/2-1/2


[Site "https://www.chess.com"]

[Event "Titled Tuesday Blitz May 03 Late 2022"]
[White "Migot, Tangi"]
[Black "Diaz, Fernando"]
[WhiteFideId "662445"]
[BlackFideId "3701255"]
[WhiteElo "2500"]
[BlackElo "1934"]
[Result "1-0"]
[Round "06"]
[TimeControl "180+1"]
[Date "2022.05.03"]
[WhiteClock "0:02:05"]
[BlackClock "0:01:41"]

1. c3 e5 2. d4 exd4 3. cxd4 d5 4. Nc3 c6 5. h4 h6 6. h5 Nf6 7. Bf4 Bg4 8. Qc2 Bxh5 9. e4 Bg6 10. f3 dxe4 11. O-O-O exf3 12. Qb3 f2 13. Nf3 Qb6 14. Qa4 Nbd7 15. Ne5 O-O-O 16. Nxc6 Nc5 17. Nxa7+ 1-0


[Site "https://www.chess.com"]

[Event "Titled Tuesday Blitz May 03 Late 2022"]
[White "Mikhailov, Viacheslav"]
[Black "Ambartsumova, Karina"]
[WhiteFideId "4187369"]
[BlackFideId "4166299"]
[WhiteElo "2381"]
[BlackElo "2262"]
[Result "1-0"]
[Round "06"]
[TimeControl "180+1"]
[Date "2022.05.03"]
[WhiteClock "0:00:06"]
[BlackClock "0:00:14"]

1. Nf3 Nf6 2. g3 g6 3. Bg2 Bg7 4. O-O O-O 5. c4 d6 6. Nc3 e5 7. d3 Nc6 8. Bg5 h6 9. Bxf6 Bxf6 10. Rc1 Bg4 11. Nd5 Bg7 12. b4 Qd7 13. b5 Nd4 14. Nxd4 exd4 15. h3 Bxh3 16. Bxh3 Qxh3 17. Nxc7 Rac8 18. Nd5 Rfe8 19. Nf4 Qf5 20. Qa4 Be5 21. Ng2 Ra8 22. c5 dxc5 23. Rxc5 Qg4 24. e3 h5 25. Rc4 Qf3 26. exd4 Bd6 27. Qd1 Qd5 28. a4 Kg7 29. Ne3 Qe6 30. Qf3 Rab8 31. d5 Qd7 32. Kg2 Be5 33. Re4 Bd6 34. Re1 Bc7 35. Nc4 f5 36. Re6 Rxe6 37. dxe6 Qe7 38. d4 Bd6 39. d5 Rd8 40. Qc3+ Kg8 41. Nxd6 Rxd6 42. Qe5 b6 43. Rc1 Kh7 44. Rc6 Rxc6 45. bxc6 h4 46. d6 Qg5 47. Qf4 h3+ 48. Kxh3 Qd8 49. Qh4+ Qxh4+ 50. Kxh4 Kg7 51. c7 Kf6 52. Kh3 Ke5 53. c8=Q Ke4 54. e7 Kf3 55. d7 Kxf2 56. Qc2+ Kg1 57. e8=Q g5 58. Qe1# 1-0


[Site "https://www.chess.com"]

[Event "Titled Tuesday Blitz May 03 Late 2022"]
[White "Mikhalsky, Vladimir"]
[Black "Fernandez Hernandez, Gerardo"]
[WhiteFideId "14144352"]
[BlackFideId "2207400"]
[WhiteElo "2301"]
[BlackElo "2199"]
[Result "1-0"]
[Round "06"]
[TimeControl "180+1"]
[Date "2022.05.03"]
[WhiteClock "0:02:04"]
[BlackClock "0:01:39"]

1. d4 Nf6 2. c4 c5 3. d5 b5 4. cxb5 a6 5. bxa6 g6 6. Nc3 Bg7 7. g3 O-O 8. Bg2 d6 9. Nf3 Nxa6 10. O-O Qb6 11. e4 Bg4 12. h3 Bxf3 13. Bxf3 Rfb8 14. Bg2 Nb4 15. a3 c4 16. Be3 Qc7 17. axb4 Rxa1 18. Qxa1 Rxb4 19. Qa8+ Rb8 20. Qc6 Qxc6 21. dxc6 Rc8 22. Nd5 Rxc6 23. Nxe7+ 1-0


[Site "https://www.chess.com"]